 Dungeon Crawl Stone Soup version 0.13.1-24-gd36c86d (webtiles) character file.

231 Nicoed the Skirmisher (level 4, 0/36 HPs)
             Began as a Demonspawn Fighter on Jan 13, 2014.
             Slain by a gnoll
             ... wielding a +0,+0 spear
              (9 damage)
             ... on Level 2 of the Dungeon.
             The game lasted 00:03:13 (1678 turns).

Nicoed the Skirmisher (Demonspawn Fighter)          Turns: 1678, Time: 00:03:14

HP   0/36        AC  6     Str 17      XL: 4   Next: 26%
MP   3/3         EV 11     Int  9      God:
Gold 145         SH 19     Dex 20      Spells:  0 memorised,  3 levels left

Res.Fire  : . . .   See Invis. : .   a - +0 trident
Res.Cold  : . . .   Warding    : .   b - +0 scale mail
Life Prot.: . . .   Conserve   : .   c - +0 shield
Res.Poison: .       Res.Corr.  : .   (no helmet)
Res.Elec. : .       Clarity    : .   (no cloak)
Sust.Abil.: . .     Spirit.Shd : .   (no gloves)
Res.Mut.  : .       Stasis     : .   (no boots)
Res.Rott. : .       Flight     : .   (no amulet)
Saprovore : . . .                    (no ring)
                                     (no ring)

@: agile, very slightly contaminated, hasted, very quick, slightly resistant to
hostile enchantments, unstealthy
A: claws 1, demonic guardian 1, Dex +2
a: no special abilities


You were on level 2 of the Dungeon.
You were very full.

You visited 1 branch of the dungeon, and saw 2 of its levels.

You collected 125 gold pieces.

Inventory:

Hand weapons
 a - a +0,+0 trident (weapon)
Armour
 b - a +0 scale mail (worn)
 c - a +0 shield (worn)
Comestibles
 d - a bread ration
 f - 2 meat rations
Scrolls
 g - a scroll of noise {unknown}
 h - 2 scrolls of identify {unknown}
 i - a scroll of amnesia {unknown}
 j - a scroll of curse jewellery {unknown}
 k - 4 scrolls of teleportation {unknown}
 n - a scroll of random uselessness {unknown}
 p - a scroll of remove curse {unknown}
 q - a scroll of curse armour {unknown}
Potions
 e - a potion of curing
 l - a potion of agility


   Skills:
 + Level 3.6 Fighting
 + Level 2.7 Polearms
 + Level 3.6 Armour
 - Level 2.6 Shields


You had 3 spell levels left.
You didn't know any spells.

Dungeon Overview and Level Annotations

Branches:
Dungeon (2/27)

Altars:


Innate Abilities, Weirdness & Mutations

You have sharp fingernails.
You have a somewhat thin skeletal structure (Dex +2, Stlth).
A weak demonic guardian rushes to your aid.


Message History

The gnoll barely misses you.
The gnoll hits you from afar with a spear.
* * * LOW HITPOINT WARNING * * *
The gnoll closely misses you. You block the gnoll's attack.
You closely miss the gnoll.
The gnoll is lightly wounded.
You block the gnoll's attack. The gnoll barely misses you.
Unknown command.
You feel yourself speed up.
It was a potion of speed.
The gnoll closely misses you. You block the gnoll's attack.
You are very lightly contaminated with residual magic.
You feel agile all of a sudden.
It was a potion of agility.
You block the gnoll's attack.
You barely miss the gnoll.
The gnoll is lightly wounded.
You block the gnoll's attack.
Unknown command.
You closely miss the gnoll. You block the gnoll's attack.
The gnoll hits you with a spear!
You die...

#.#.####.# #.#
#.####.#### #.#
#.#.......# #.#
#.#.##.##.# #.#
#.....<...###.#
###.#.........#
#.#.##..#####
#.#######.#.##..#####
#....gg@..#. #......#
#########.#....####.####
#.####. #..... #.# #.
#.#### ### ## ###


You could see 2 gnolls.

Vanquished Creatures
  A gnoll (D:2)
  5 adders (D:2)
  3 giant geckos (D:1)
  2 bats (D:1)
  2 giant cockroaches (D:1)
  5 hobgoblins
  3 giant newts
  4 goblins
  2 kobolds
  A quokka (D:2)
  6 rats
34 creatures vanquished.

Vanquished Creatures (others)
  An iron imp (D:2)
1 creature vanquished.

Grand Total: 35 creatures vanquished

Notes
Turn   | Place    | Note
--------------------------------------------------------------
     0 | D:1      | Nicoed, the Demonspawn Fighter, began the quest for the Orb.
     0 | D:1      | Reached XP level 1. HP: 18/18 MP: 0/0
   147 | D:1      | Gained mutation: You have a somewhat thin skeletal structure (Dex +2, Stlth). [demonic ancestry]
   147 | D:1      | Reached XP level 2. HP: 22/24 MP: 1/1
   888 | D:2      | Gained mutation: A weak demonic guardian rushes to your aid. [demonic ancestry]
   888 | D:2      | Reached XP level 3. HP: 23/30 MP: 2/2
  1327 | D:2      | Gained mutation: You have sharp fingernails. [demonic ancestry]
  1327 | D:2      | Reached XP level 4. HP: 13/36 MP: 3/3
  1678 | D:2      | Slain by a gnoll

Action                   |  1- 3 |  4- 6 || total
-------------------------+-------+-------++-------
Melee: Trident           |   155 |     9 ||   164
  Use: Potion            |       |     3 ||     3
